Map: [ESL] Ghost River

Players

ShoWTimE - Winner!

  • Race: Protoss Protoss
  • Spawn Location: 1:00

Harstem

  • Race: Protoss Protoss
  • Spawn Location: 11:00

Event: ESL SC2 Masters 2024 Spring (Regional)

VOD

Have the link to the VOD?

Description

Time

  • Played on: May 3, 2024, 10:20 a.m.
  • Length: 9:26

All games in this series

Show
View Real Time Build Order
Export as new Build Order

ShoWTimE Protoss - Winner!

Build Orders: Phoenix Opening, Blink Stalkers, Zealot Archon 

Get SALT Encoding   

  12  0:00  Probe  
  13  0:12  Probe  
  14  0:16  Pylon  
  14  0:24  Probe (Chrono Boost)  
  15  0:35  Gateway  
  15  0:36  Probe (Chrono Boost)  
  16  0:44  Probe (Chrono Boost)  
  16  0:45  Assimilator  
  17  0:50  Probe  
  18  1:03  Probe (Chrono Boost)  
  19  1:04  Assimilator  
  19  1:09  Gateway  
  19  1:13  Probe (Chrono Boost)  
  19  1:18  Probe (Chrono Boost)  
  20  1:23  Cybernetics Core  
  21  1:29  Probe  
  22  1:34  Pylon  
  22  1:41  Probe  
  23  1:53  Probe  
  24  1:59  Stalker  
  24  2:00  Warp Gate  
  28  2:05  Sentry, Probe  
  29  2:11  Pylon  
  29  2:17  Probe  
  30  2:24  Pylon  
  30  2:29  Sentry, Probe (Chrono Boost)  
  33  2:40  Phoenix  
  33  2:42  Probe (Chrono Boost)  
  34  2:48  Nexus  
  34  2:50  Probe (Chrono Boost)  
  35  2:51  Sentry  
  35  2:56  Probe  
  38  3:02  Phoenix  
  38  3:03  Twilight Council  
  38  3:08  Probe  
  38  3:10  Pylon  
  39  3:28  Probe  
  39  3:31  Shield Battery  
  40  3:34  Blink (Chrono Boost)  
  40  3:40  Probe  
  41  3:47  Stalker  
  43  3:48  Stalker  
  43  3:53  Probe  
  46  3:59  Phoenix  
  46  4:01  Probe  
  47  4:05  Probe  
  48  4:13  Probe  
  48  4:15  Nexus  
  49  4:17  Probe  
  49  4:22  Pylon  
  50  4:25  Probe  
  50  4:29  Stalker  
  53  4:31  Stalker  
  53  4:33  Probe  
  53  4:37  Probe  
  57  4:39  Pylon  
  57  4:43  Assimilator  
  58  4:45  Probe (Chrono Boost)  
  58  4:49  Probe (Chrono Boost)  
  59  4:53  Robotics Facility  
  61  5:00  Stalker  
  61  5:01  Stalker, Probe (Chrono Boost)  
  61  5:03  Probe (Chrono Boost)  
  61  5:07  Probe (Chrono Boost)  
  65  5:09  Probe (Chrono Boost)  
  65  5:11  Phoenix  
  67  5:15  Probe (Chrono Boost), Forge  
  68  5:25  Probe (Chrono Boost)  
  68  5:28  Probe x2 (Chrono Boost)  
  71  5:31  Protoss Ground Weapons Level 1 (Chrono Boost)  
  71  5:35  Charge, Gateway  
  74  5:36  Probe x2 (Chrono Boost), Gateway  
  74  5:37  Probe (Chrono Boost)  
  74  5:39  Stalker  
  74  5:42  Probe  
  76  5:43  Observer  
  76  5:44  Stalker, Probe  
  76  5:45  Probe  
  82  5:53  Pylon  
  82  5:54  Probe  
  82  5:56  Probe  
  84  5:57  Pylon  
  84  6:00  Probe  
  84  6:02  Assimilator  
  85  6:06  Probe  
  85  6:07  Shield Battery  
  86  6:15  Gateway x2  
  86  6:17  Gateway  
  86  6:18  Gateway  
  86  6:19  Immortal (Chrono Boost)  
  90  6:31  Zealot x3  
  96  6:33  Zealot  
  96  6:34  Pylon  
  98  6:42  Templar Archives  
  98  6:48  Nexus  
  98  6:52  Pylon  
  98  6:54  Immortal  
  102  6:57  Shield Battery  
  102  6:59  Phoenix  
  102  7:05  Pylon  
  102  7:08  Zealot x4  
  110  7:12  Protoss Ground Weapons Level 2 (Chrono Boost)  
  110  7:16  Pylon  
  110  7:22  High Templar x2  
  114  7:23  Zealot x2  
  114  7:26  Archon  
  114  7:27  Probe  
  114  7:28  Probe x2  
  121  7:36  Pylon  
  121  7:37  Zealot x2  
  121  7:40  Photon Cannon  
  121  7:43  Pylon  
  125  7:45  Shield Battery  
  125  7:48  High Templar  
  125  7:49  Zealot x2, High Templar  
  133  7:53  Observer, Archon  
  133  7:54  Phoenix  
  133  7:58  Zealot x2  
  137  7:59  Shield Battery  
  137  8:01  Zealot  
  137  8:02  Pylon  
  139  8:07  Zealot  
  141  8:16  Zealot x2  
  145  8:20  Zealot  
  145  8:21  Zealot x2  
  145  8:24  Pylon  
  151  8:29  Zealot x3  
  153  8:38  Immortal (Chrono Boost)  
  153  8:39  Pylon  
  153  8:40  Zealot x2  
  161  8:44  Zealot x3  
  161  8:47  Pylon  
  167  8:51  High Templar x2  
  171  8:56  Archon  
  171  8:57  Zealot  
  171  9:02  Gateway  
  173  9:08  Zealot x5  
  171  9:11  Gateway  
  159  9:19  Zealot  
Show
View Real Time Build Order
Export as new Build Order

Harstem Protoss 

Build Orders: Phoenix Opening, Archon Immortal 

Get SALT Encoding   

  12  0:00  Probe  
  13  0:12  Probe  
  14  0:16  Pylon  
  14  0:24  Probe  
  15  0:35  Gateway  
  15  0:36  Probe (Chrono Boost)  
  16  0:46  Assimilator, Probe (Chrono Boost)  
  17  0:51  Probe (Chrono Boost)  
  17  0:54  Assimilator  
  18  1:03  Probe (Chrono Boost)  
  19  1:06  Gateway  
  20  1:12  Probe (Chrono Boost)  
  20  1:17  Probe (Chrono Boost)  
  20  1:22  Cybernetics Core  
  21  1:29  Probe  
  22  1:34  Pylon  
  22  1:41  Probe  
  23  1:53  Probe  
  24  1:55  Warp Gate (Chrono Boost)  
  24  1:59  Sentry  
  24  2:00  Stalker  
  28  2:05  Probe  
  28  2:07  Pylon  
  29  2:17  Probe  
  30  2:25  Sentry  
  30  2:27  Pylon  
  30  2:29  Probe  
  33  2:32  Phoenix  
  33  2:37  Sentry  
  35  2:48  Nexus  
  35  2:56  Robotics Facility  
  35  2:59  Probe  
  35  3:04  Pylon  
  36  3:11  Probe  
  37  3:17  Phoenix  
  37  3:24  Probe  
  38  3:36  Probe  
  38  3:38  Sentry  
  38  3:40  Observer (Chrono Boost)  
  38  3:41  Nexus  
  41  3:48  Probe  
  43  3:55  Pylon, Observer  
  43  4:00  Phoenix, Stalker  
  46  4:07  Immortal (Chrono Boost)  
  49  4:13  Probe  
  49  4:14  Probe  
  51  4:25  Probe  
  51  4:28  Probe  
  51  4:30  Twilight Council  
  53  4:36  Immortal (Chrono Boost)  
  53  4:37  Probe  
  54  4:40  Probe  
  54  4:43  Observer  
  59  4:49  Probe  
  59  4:51  Phoenix  
  59  4:52  Forge, Probe  
  61  4:55  Probe  
  62  5:01  Probe  
  62  5:04  Probe (Chrono Boost)  
  64  5:07  Probe (Chrono Boost)  
  64  5:13  Pylon, Immortal  
  70  5:14  Charge  
  70  5:17  Probe (Chrono Boost)  
  70  5:19  Probe x2 (Chrono Boost)  
  72  5:23  Shield Battery  
  72  5:25  Stalker  
  72  5:26  Probe (Chrono Boost)  
  72  5:28  Probe (Chrono Boost)  
  76  5:30  Probe  
  76  5:32  Protoss Ground Weapons Level 1 (Chrono Boost)  
  76  5:35  Zealot, Probe  
  80  5:38  Phoenix  
  80  5:39  Pylon, Probe  
  80  5:42  Probe  
  82  5:46  Pylon  
  82  5:47  Probe  
  83  5:50  Zealot  
  83  5:51  Probe  
  83  5:54  Immortal (Chrono Boost)  
  83  5:56  Pylon  
  90  6:06  Zealot  
  92  6:13  Gateway x2  
  92  6:15  Observer  
  92  6:17  Phoenix, Nexus  
  92  6:24  Gateway x2  
  92  6:32  Zealot, Gateway  
  94  6:33  Gateway  
  94  6:34  Zealot, Observer (Chrono Boost)  
  94  6:39  Probe  
  97  6:43  Probe  
  97  6:44  Probe  
  99  6:51  Pylon  
  99  6:53  Probe  
  99  6:54  Zealot  
  102  6:56  Pylon  
  102  6:57  Phoenix  
  102  6:58  Zealot  
  102  7:00  Probe  
  105  7:02  Assimilator  
  105  7:06  Templar Archives, Warp Prism (Chrono Boost)  
  105  7:08  Zealot x2  
  109  7:15  Pylon, Protoss Ground Weapons Level 2 (Chrono Boost)  
  111  7:18  Pylon  
  111  7:20  Zealot x4  
  111  7:21  Nexus  
  119  7:29  Zealot x2  
  123  7:34  Pylon  
  121  7:39  Zealot x2  
  123  7:44  Probe  
  123  7:46  Probe  
  123  7:48  Zealot x4  
  133  7:53  Pylon  
  133  7:55  High Templar  
  133  7:56  Observer  
  133  7:58  High Templar, Probe  
  137  7:59  Probe  
  137  8:00  Pylon  
  137  8:02  Archon  
  137  8:03  Zealot x2  
  143  8:08  Zealot x3  
  143  8:10  Archon x2  
  143  8:11  Zealot  
  151  8:24  Probe x2  
  154  8:27  Photon Cannon  
  146  8:34  Zealot x2  
  146  8:35  Zealot x5  
  146  8:38  Robotics Bay  
  155  8:43  Probe  
  155  8:48  Zealot  
  152  8:49  Probe  
  152  8:52  Robotics Facility  
  152  8:54  Probe  
  154  8:56  Probe  
  154  8:57  Probe  
  154  9:01  Probe, Shield Battery  
  154  9:02  Photon Cannon  
  149  9:06  Zealot x5  
  149  9:07  Assimilator  
  141  9:10  Assimilator  
  141  9:14  Zealot x3  
  115  9:20  Zealot x3  
Tags
 
Add a new tag
Caveats
  • Supply blocks, unpowered buildings, or Contaminate may cause inaccurate times.
  • Supply counts are checked every 10 seconds.